 Dungeon Sprint DCSS version 0.21-a0-414-gba8bdf1 (webtiles) character file.

18880 Kidiri the Fighter (level 12, -13/117 HPs)
             Began as a White Draconian Transmuter on Nov 2, 2017.
             Was a High Priest of Wu Jian.
             Mangled by a death cob (21 damage)
             ... in the Dungeon (Sprint VII: "The Pits").
             The game lasted 00:16:07 (3600 turns).

Kidiri the Fighter (White Draconian Transmuter)     Turns: 3600, Time: 00:16:08

Health: -13/117    AC: 12    Str: 18    XL:     12   Next: 31%
Magic:  24/28      EV: 21    Int: 15    God:    Wu Jian [*****.]
Gold:   22         SH:  0    Dex: 17    Spells: 20/35 levels left

rFire    . . .     SeeInvis .     - Unarmed
rCold    + . .     Gourm    .   (shield currently unavailable)
rNeg     . . .     Faith    .   (armour unavailable)
rPois    .         Spirit   .   (helmet restricted)
rElec    .         Reflect  .   y - +0 cloak
rCorr    .         Harm     .   (gloves currently unavailable)
MR       .....     NoTele   +   (no boots)
Stlth    ++........             (no amulet)
HPRegen  0.29/turn              s - +3 ring of strength
MPRegen  0.21/turn              t - +3 ring of protection

@: blade hands, very slightly contaminated, slowed, glowing, heavenly storm,
very slow
A: breathe frost, unfitting armour, hooves 1, agile 1, clever 1, cold resistance
1, cold-blooded, AC +8
a: Breathe Frost, End Transformation, Serpent's Lash, Heavenly Storm, Renounce
Religion


You were in the Dungeon.
You worshipped Wu Jian.
Wu Jian was extremely pleased with you.
You were full.
You had blades for hands.
You visited 1 branch You collected 22 gold pieces.

Inventory:

Missiles
 a - 21 arrows
 p - 30 stones (quivered)
 r - 5 steel tomahawks
 C - 5 tomahawks
Armour
 y - a +0 cloak (worn)
Jewellery
 s - a +3 ring of strength (left scythe-like blade)
 t - a +3 ring of protection (right scythe-like blade)
 z - an uncursed ring of protection from cold
 H - an uncursed ring of ice
Scrolls
 i - 2 scrolls of blinking
 k - 4 scrolls of remove curse
 l - 5 scrolls of amnesia
 m - a scroll of summoning
 A - 2 scrolls of identify
 D - a scroll of fear
 E - 2 scrolls of enchant armour
 F - 3 scrolls of fog
 G - 3 scrolls of recharging
Potions
 d - 10 potions of curing
 e - 10 potions of heal wounds
 f - 2 potions of haste
 g - 4 potions of magic
 h - 3 potions of berserk rage
 j - 2 potions of invisibility
 u - 2 potions of agility
 v - a potion of resistance
 w - 2 potions of brilliance
 x - 3 potions of mutation
 B - a potion of lignification
Books
 b - a book of Changes

   Spells                             Type                      Level
   a - Beastly Appendage              Transmutation                1
   b - Sticks to Snakes               Transmutation                2
   c - Spider Form                    Transmutation/Poison         3
   d - Ice Form                       Ice/Transmutation            4
   e - Blade Hands                    Transmutation                5
Comestibles
 c - 8 bread rations
 n - 17 fruits
 o - 13 meat rations
 q - 6 royal jellies
 I - a chunk of flesh


   Skills:
 * Level 14.0 Fighting
 * Level 12.2 Dodging
 + Level 9.7 Stealth
 * Level 13.5 Unarmed Combat
 * Level 12.3 Spellcasting
 + Level 10.0 Transmutations
 + Level 10.9 Ice Magic
 + Level 9.5 Poison Magic


You had 20 spell levels left.
You knew the following spells:

 Your Spells              Type           Power        Failure   Level  Hunger
a - Beastly Appendage     Tmut           #####.       8%          1    None
b - Sticks to Snakes      Tmut           #####...     9%          2    None
c - Spider Form           Tmut/Pois      #####.....   11%         3    None
d - Ice Form              Ice/Tmut       #####...     16%         4    ###....
e - Blade Hands           Tmut           #####.....   26%         5    #####..


Dungeon Overview and Level Annotations

Branches:
Dungeon (1/1)

Altars:
Ashenzari
Cheibriados
Dithmenos
Elyvilon
Fedhas
Gozag
Hepliaklqana
Kikubaaqudgha
Makhleb
Nemelex Xobeh
Okawaru
Qazlal
Ru
Sif Muna
Trog
Uskayaw
Vehumet
Wu Jian
Xom
Yredelemnul
Zin
The Shining One
Beogh
Jiyva
Lugonu

Annotations:
D exclusions: 11 doors and 9 more exclusions


Innate Abilities, Weirdness & Mutations

You can breathe waves of freezing cold.
You can buffet flying creatures when you breathe cold.
Your icy white scales are hard. (AC +8)
You cannot fit into any form of body armour.
Your flesh is cold resistant. (rC+)
You are cold-blooded and may be slowed by cold attacks.
You have large cloven feet.
You are agile. (Dex +2)
Your mind is acute. (Int +2)


Message History

You hear two shouts!
Found 2 scrolls of identify and a +2 leather armour of poison resistance.
Unknown command.
The air is filled with shimmering golden clouds!
Sifu Ma Yunglu says: The storm will not cease as long as you keep fighting, disciple!
You hear a roar!
You hear a screech!
You hear a bellow!
The death cob hits you!! The death cob drains your vigour!
You feel yourself slow down. The death cob misses you. The death cob hits you!
A deep elf death mage comes into view. It is wielding a rapier.
Blink to where?
Press: ? - help, Dir - move target cursor You are very lightly contaminated with residual magic.
As you read the scroll of blinking, it crumbles to dust.
You hear a roar!
You hear a shout!
The death cob hits you!!
* * * LOW HITPOINT WARNING * * *
The death cob drains your vigour!
You feel as though you will be slow longer.
The death cob misses you. The death cob hits you!!
You die...

#....................''...
#..################..##..# #..##
#H#O# #..##... #..#5# #H#H#
#..##... #..##3# #H#O# #..####+
#..# #e#C#O# #..####+ #..# #§#.#
#..##...
#..#####z##########..##.#+
########......§§@§§.........##.#)
_____.##......§§§§§.........##.+)
_____.###########§§###########.#|
___...###########''###########.+.
#####+##................##..##.##
+)))+.##......#..#......##..##...
#####.##................++..#####
.......'................++..#####
##+#####......#..#......##.....[.


You could see a death cob.

Vanquished Creatures
  Donald (D)
  A nagaraja (D)
  An emperor scorpion (D)
  A minotaur (D)
  A fire dragon (D)
  A deep elf high priest (D)
  A rakshasa (D)
  A hydra (D)
  An orc high priest (D)
  An unseen horror (D)
  A sea snake (D)
  A wizard (D)
  A swamp dragon (D)
  A cyclops (D)
  A manticore (D)
  A deep elf mage (D)
  3 elephants (D)
  Maurice (D)
  An ice devil (D)
  A kobold demonologist (D)
  A demonic crawler (D)
  A freezing wraith (D)
  A wandering mushroom (D)
  A troll (D)
  A hellwing (D)
  A guardian mummy (D)
  2 hornets (D)
  A snapping turtle (D)
  An air elemental (D)
  A flying skull (D)
  A wraith (D)
  A fire bat (D)
  A redback (D)
  A spriggan (D)
  A wyvern (D)
  2 basilisks (D)
  2 vampire mosquitoes (D)
  Grum (D)
  A warg (D)
  A steam dragon (D)
  2 acid dragons (D)
  A porcupine (D)
  3 floating eyes (D)
  A sky beast (D)
  3 orc warriors (D)
  8 wolves (D)
  An eye of draining (D)
  A centaur (D)
  An earth elemental (D)
  A small abomination (D)
  3 wights (D)
  A jelly (D)
  2 orc wizards (D)
  2 orc priests (D)
  Terence (D)
  A hell rat (D)
  2 worker ants (D)
  An adder (D)
  2 river rats (D)
  2 ufetubi (D)
  An ooze (D)
  2 adder zombies (D)
  A worm (D)
  A leopard gecko (D)
  7 orcs (D)
  2 bat zombies (D)
  2 giant cockroaches (D)
  A goblin (D)
  A leopard gecko skeleton (D)
  2 rats (D)
104 creatures vanquished.

Vanquished Creatures (others)
  An orc wizard (D)
1 creature vanquished.

Grand Total: 105 creatures vanquished

Notes
Turn   | Place    | Note
-------+----------+-------------------------------------------
     0 | D        | Kidiri the Draconian Transmuter began the quest for the Orb.
     0 | D        | Reached XP level 1. HP: 16/16 MP: 3/3
    22 | D        | Noticed a floating eye
    24 | D        | Paralysed by a floating eye for 4 turns
    28 | D        | Killed a floating eye
    28 | D        | Reached skill level 4 in Fighting
    28 | D        | Reached XP level 2. HP: 27/27 MP: 1/7
    28 | D        | Reached XP level 3. HP: 33/33 MP: 1/8
    28 | D        | Reached XP level 4. HP: 40/40 MP: 1/10
    32 | D        | Learned a level 2 spell: Sticks to Snakes
    36 | D        | Learned a level 3 spell: Spider Form
    41 | D        | Learned a level 4 spell: Ice Form
    72 | D        | Found a bloodstained altar of Trog.
    72 | D        | Found a deep blue altar of Sif Muna.
    72 | D        | Found a viscous altar of Jiyva.
    72 | D        | Found a hazy altar of Hepliaklqana.
    72 | D        | Found an opulent altar of Gozag.
    73 | D        | Found a glowing golden altar of the Shining One.
    73 | D        | Found a glowing silver altar of Zin.
    73 | D        | Found a basalt altar of Yredelemnul.
    73 | D        | Found a shimmering altar of Xom.
    73 | D        | Found an ornate altar of the Wu Jian Council.
    73 | D        | Found a sacrificial altar of Ru.
    73 | D        | Found a stormy altar of Qazlal.
    73 | D        | Found an iron altar of Okawaru.
    73 | D        | Found a sparkling altar of Nemelex Xobeh.
    73 | D        | Found a burning altar of Makhleb.
    73 | D        | Found a blossoming altar of Fedhas.
    73 | D        | Found a white marble altar of Elyvilon.
    73 | D        | Found a shadowy altar of Dithmenos.
    73 | D        | Found a snail-covered altar of Cheibriados.
    75 | D        | Found a radiant altar of Vehumet.
    75 | D        | Found a corrupted altar of Lugonu.
    75 | D        | Found a roughly hewn altar of Beogh.
    76 | D        | Found a hide-covered altar of Uskayaw.
    76 | D        | Found an ancient bone altar of Kikubaaqudgha.
    76 | D        | Found a shattered altar of Ashenzari.
    88 | D        | Became a worshipper of the Wu Jian Council
   117 | D        | Reached * piety under Wu Jian
   117 | D        | Reached skill level 5 in Unarmed Combat
   210 | D        | Noticed a floating eye
   211 | D        | Noticed a flying skull
   215 | D        | Killed a floating eye
   215 | D        | Reached ** piety under Wu Jian
   215 | D        | Reached skill level 5 in Fighting
   215 | D        | Reached skill level 1 in Ice Magic
   215 | D        | Reached skill level 1 in Poison Magic
   215 | D        | Reached XP level 5. HP: 48/48 MP: 9/12
   217 | D        | Reached skill level 5 in Spellcasting
   234 | D        | Killed a flying skull
   234 | D        | Reached skill level 6 in Fighting
   234 | D        | Reached skill level 5 in Dodging
   234 | D        | Reached XP level 6. HP: 14/58 MP: 2/14
   283 | D        | Learned a level 5 spell: Blade Hands
   521 | D        | Noticed a sky beast
   524 | D        | Reached *** piety under Wu Jian
   538 | D        | Reached **** piety under Wu Jian
   541 | D        | Killed a sky beast
   541 | D        | Reached skill level 7 in Fighting
   541 | D        | Your scales start taking on an icy white colour.
   541 | D        | Reached XP level 7. HP: 32/66 MP: 9/16
   541 | D        | Gained mutation: Your flesh is cold resistant. (rC+) [White Draconian growth]
   545 | D        | Reached skill level 5 in Transmutations
   545 | D        | Reached ***** piety under Wu Jian
  1085 | D        | Noticed a kobold demonologist
  1095 | D        | Killed a kobold demonologist
  1095 | D        | Reached skill level 5 in Stealth
  1095 | D        | Reached skill level 5 in Ice Magic
  1101 | D        | Reached skill level 8 in Fighting
  1101 | D        | Reached XP level 8. HP: 70/74 MP: 15/18
  1298 | D        | Noticed a spriggan rider
  1308 | D        | Reached skill level 5 in Poison Magic
  1311 | D        | Killed a hornet
  1311 | D        | Reached skill level 9 in Fighting
  1351 | D        | Gained mutation: You are agile. (Dex +2) [potion of mutation]
  1351 | D        | Gained mutation: You have large cloven feet. [potion of mutation]
  1351 | D        | Gained mutation: Your mind is acute. (Int +2) [potion of mutation]
  1552 | D        | Noticed a troll
  1552 | D        | Noticed an ice devil
  1555 | D        | Killed a troll
  1555 | D        | Reached XP level 9. HP: 83/83 MP: 14/21
  1558 | D        | Killed an ice devil
  1602 | D        | Reached ****** piety under Wu Jian
  1605 | D        | Noticed an unseen horror
  1606 | D        | Killed an unseen horror
  1606 | D        | Reached skill level 10 in Fighting
  1606 | D        | Reached skill level 10 in Unarmed Combat
  1770 | D        | Noticed a manticore
  1770 | D        | Noticed a hellwing
  1777 | D        | Killed a manticore
  1779 | D        | Killed a hellwing
  1780 | D        | Reached XP level 10. HP: 54/94 MP: 18/23
  1940 | D        | Noticed an elephant
  1940 | D        | Noticed an elephant
  1941 | D        | Noticed an elephant
  1941 | D        | Noticed a rakshasa
  1942 | D        | Killed an elephant
  1947 | D        | Killed an elephant
  1947 | D        | Reached skill level 11 in Fighting
  1948 | D        | Killed a rakshasa
  1949 | D        | Killed an elephant
  1949 | D        | Reached skill level 10 in Spellcasting
  1980 | D        | Noticed Maurice
  1986 | D        | Killed Maurice
  1986 | D        | Reached skill level 10 in Dodging
  2007 | D        | Noticed an emperor scorpion
  2008 | D        | Noticed a reaper
  2011 | D        | Killed an emperor scorpion
  2011 | D        | Reached skill level 12 in Fighting
  2011 | D        | Reached XP level 11. HP: 92/104 MP: 20/25
  2455 | D        | Noticed Grum
  2455 | D        | Noticed a nagaraja
  2457 | D        | Noticed an orc high priest
  2458 | D        | Noticed Terence
  2469 | D        | Killed Terence
  2473 | D        | Killed an orc high priest
  2475 | D        | Killed a nagaraja
  2478 | D        | Killed Grum
  2840 | D        | Noticed a deep elf mage
  2840 | D        | Noticed a wizard
  2840 | D        | Noticed a sea snake
  2850 | D        | Killed a wizard
  2851 | D        | Killed a deep elf mage
  2851 | D        | Reached skill level 13 in Fighting
  2852 | D        | Killed a sea snake
  2867 | D        | Noticed Donald
  2872 | D        | Reached skill level 10 in Ice Magic
  2872 | D        | Killed Donald
  3304 | D        | Noticed a swamp dragon
  3311 | D        | Killed a swamp dragon
  3311 | D        | Reached XP level 12. HP: 115/115 MP: 22/27
  3425 | D        | Noticed a four-headed hydra
  3425 | D        | Noticed a fire dragon
  3425 | D        | Noticed a deep elf high priest
  3425 | D        | Noticed a minotaur
  3426 | D        | Killed a six-headed hydra
  3432 | D        | Killed a fire dragon
  3433 | D        | Killed a deep elf high priest
  3437 | D        | Killed a minotaur
  3437 | D        | Reached skill level 14 in Fighting
  3437 | D        | Reached skill level 10 in Transmutations
  3595 | D        | Noticed an ogre mage
  3595 | D        | Noticed a two-headed ogre
  3595 | D        | Noticed a death cob
  3598 | D        | Noticed a fire giant
  3600 | D        | Noticed a deep elf death mage
  3600 | D        | Mangled by a death cob

Vault maps used:
D:        pitsprint

Skill      XL: |  1  2  3  4  5  6  7  8  9 10 11 12 |
---------------+-------------------------------------+-----
Fighting       | 4 5 6 7 8 9 10 12 13 14 | 14.0
Dodging        | 3 4 5 6 8 9 10 11 12 | 12.2
Stealth        | 2 3 4 5 6 8 9 |  9.7
Unarmed Combat | 4 5 6 7 8 9 10 11 13 | 13.5
Spellcasting   | 4 5 6 7 8 9 10 11 12 | 12.3
Transmutations | 3 4 5 6 7 8 9 10 | 10.0
Ice Magic      | 1 3 4 5 6 7 8 10 | 10.9
Poison Magic   | 1 3 4 5 6 7 9 |  9.5

Action                   |  1- 3 |  4- 6 |  7- 9 | 10-12 || total
-------------------------+-------+-------+-------+-------++-------
Melee: Unarmed           |     1 |    50 |    73 |   126 ||   250
       Tailslap          |     1 |       |     9 |     6 ||    16
       Kick              |     1 |       |     6 |    33 ||    40
       Punch             |       |       |       |    10 ||    10
 Cast: Beastly Appendage |     1 |       |       |     1 ||     2
       Spider Form       |       |     3 |     1 |       ||     4
       Ice Form          |       |     1 |       |       ||     1
       Blade Hands       |       |     1 |     4 |     9 ||    14
Invok: Heavenly Storm    |       |       |     3 |     5 ||     8
       Serpent's Lash    |       |       |     2 |     8 ||    10
 Abil: Breathe Frost     |       |       |     2 |     3 ||     5
  Use: Potion            |       |     2 |     3 |       ||     5
       Scroll            |       |       |       |     1 ||     1
 Stab: Sleeping          |       |       |     8 |    14 ||    22
       Distracted        |       |       |       |     1 ||     1
  Eat: Fruit             |       |       |    11 |    12 ||    23
       Chunk             |       |       |     1 |       ||     1
Armor: Skin              |       |     6 |    10 |    15 ||    31
Dodge: Dodged            |       |    51 |    40 |    79 ||   170

Table legend:
 A = Spawn XP
 B = Non-spawn XP
 C = Spawn XP percentage of total XP
 D = Spawn monster count
 E = Non-spawn monster count
 F = Spawn count percentage of total count
 G = Total turns spent on level
                    A         B        C        D         E        F      G
               +---------+---------+-------+---------+---------+-------+---------
         Total |       0 |   26972 |   0.0 |       0 |     105 |   0.0 |  3600
               +---------+---------+-------+---------+---------+-------+---------
             D |       0 |   26972 |   0.0 |       0 |     105 |   0.0 |  3600
               +---------+---------+-------+---------+---------+-------+---------
